 Dungeon Crawl Stone Soup version 0.26.1-11-gd32895ea62 (webtiles) character file.

Game seed: 7080107709898236707

816 Zeld the Changer (level 7, -3/46 HPs)
             Began as an Octopode Transmuter on May 27, 2021.
             Was an Initiate of Gozag.
             Hit by a stone thrown by an orc (5 damage)
             ... on level 6 of the Dungeon.
             The game lasted 00:07:20 (8109 turns).

Zeld the Changer (Octopode Transmuter)              Turns: 8109, Time: 00:07:21

Health: -3/46      AC:  1    Str: 12    XL:     7   Next: 94%
Magic:  9/13       EV: 14    Int: 15    God:    Gozag
Gold:   429        SH:  0    Dex: 12    Spells: 1/16 levels left

rFire    . . .     SeeInvis .     - Unarmed
rCold    . . .     Faith    .   (shield currently unavailable)
rNeg     . . .     Spirit   .   (helmet restricted)
rPois    .         Reflect  .   (no amulet)
rElec    .         Harm     .   (no ring)
rCorr    .         Rampage  .   (no ring)
Will     .....                  (no ring)
Stlth    ++........             (no ring)
HPRegen  0.15/turn              (no ring)
MPRegen  0.13/turn              (no ring)
                                (no ring)
                                (no ring)

@: blade tentacles (expiring), gold aura
A: almost no armour, stealthy swim, amphibious, 8 rings, constrict 8, camouflage
1, low mp 1, gelatinous body 1
a: End Transformation, Renounce Religion, Potion Petition, Call Merchant, Bribe
Branch


You were on level 6 of the Dungeon.
You worshipped Gozag.
Gozag was aware of your devotion.
You had blades for tentacles.
You visited 1 branch of the dungeon, and saw 6 of its levels.

You collected 478 gold pieces.
You paid 49 gold pieces to Gozag.

Inventory:

Wands
 k - a wand of disintegration (14)
 p - a wand of iceblast (12)
Scrolls
 b - 2 scrolls of magic mapping
 c - a scroll of enchant weapon {unknown}
 d - 2 scrolls of fog {unknown}
 f - 4 scrolls of remove curse
 i - 2 scrolls of fear
 l - 2 scrolls of amnesia {unknown}
 m - a scroll of enchant armour {unknown}
 n - 6 scrolls of teleportation {unknown}
 q - 2 scrolls of identify
Potions
 a - a potion of attraction {unknown}
 e - 2 potions of lignification {unknown}
 g - 2 potions of degeneration {unknown}
 h - a potion of curing {unknown}
 j - a potion of haste {unknown}
 o - a potion of resistance {unknown}


   Skills:
 + Level 3.3 Fighting
 + Level 3.9 Dodging
 - Level 3.0 Unarmed Combat
 * Level 5.0 Spellcasting
 * Level 5.2 Transmutations


You had one spell level left.
You knew the following spells:

 Your Spells              Type           Power        Failure   Level
a - Beastly Appendage     Tmut           38%          21%         1
b - Wereblood             Tmut           19%          24%         2
c - Spider Form           Tmut/Pois      5%           58%         3
d - Ice Form              Ice/Tmut       11%          87%         4
e - Blade Hands           Tmut           9%           85%         5

Your spell library contained the following spells:

 Spells                   Type           Power        Failure   Level
 Magic Dart               Conj           12%          56%         1
 Blink                    Tloc           N/A          67%         2
 Call Imp                 Summ           3%           67%         2
 Slow                     Hex            3%           67%         2
 Conjure Flame            Conj/Fire      3%           83%         3
 Mephitic Cloud           Conj/Pois/Air  3%           83%         3


Dungeon Overview and Level Annotations

Branches:
Dungeon (6/15)
 Temple: D:4-7

Altars:
Fedhas
Gozag
Nemelex Xobeh
Qazlal
Trog

Shops:
D:4 :


Innate Abilities, Weirdness & Mutations

You cannot wear most types of armour.
You are very stealthy in the water. (Stealth+)
You are amphibious.
You can wear up to eight rings at the same time.
You can use your tentacles to constrict eight enemies at once.
Your skin changes colour to match your surroundings (Stealth+).
Your rubbery body absorbs attacks. (AC +1, EV +1)
Your magical capacity is low. (-10% MP)


Message History

You kill the orc priest!
The orc warrior throws a stone.
The stone hits you!
Your Spellcasting skill increases to level 5!
The orc warrior throws a stone.
The stone hits you!!
* * * LOW HITPOINT WARNING * * *
Items here: ! $ ( ))) [[.
You are too injured to fight recklessly!
Your transformation is almost over.
The orc shouts!
The orc throws a stone.
The stone barely misses you.
The orc warrior throws a stone.
The stone hits you!
* * * LOW HITPOINT WARNING * * *
You see here a stone.
The orc warrior becomes distracted by the nearby gold, dreaming of imaginary riches.
There is a stone staircase leading up, spattered with blood here.
Things that are here:
2 stones; 4 boomerangs; a +0 dagger The orc throws a stone.
The stone hits you.
You die...
Your body crumbles into a pile of gold.

#...### . ##.....## #.....o o
#........ #.....# .#
######......## #....##.#
#...<....[..## #...$...#
#.#.#..#.#####
#......###.#.#.....# #
#...#####..........#
#.oo#####..#.#.#...####
#..)##@(.....#.##.#....
#.####...##$##.........#....
...........o.......####.#....
......(.....#......## .....
.........o...>......# #....
##.####...##........# #....
.. #...#######...# #.... #
#..(# ##.## ##### #...# #.# #


You could see an orc warrior (unaware) and an orc.

Vanquished Creatures
  Eustachio (D:4)
  2 phantoms (D:5)
  A hound (D:5)
  2 orc priests (D:6)
  3 orc wizards
  Crazy Yiuf (D:2)
  5 worker ants
  A howler monkey skeleton (D:6)
  8 adders
  A white imp (D:6)
  An ufetubus (D:6)
  An adder skeleton (D:4)
  A dart slug (D:2)
  3 leopard geckos
  8 orcs
  5 bats
  2 giant cockroaches (D:3)
  8 hobgoblins
  7 jackals
  6 kobolds
  A quokka (D:4)
  4 ball pythons
  4 frilled lizards
  7 goblins
  A jackal zombie (D:6)
  A quokka skeleton (D:4)
  4 rats
89 creatures vanquished.

Notes
Turn   | Place    | Note
-------+----------+-------------------------------------------
     0 | D:1      | Zeld the Octopode Transmuter began the quest for the Orb.
     0 | D:1      | Reached XP level 1. HP: 13/13 MP: 3/3
   218 | D:1      | Reached XP level 2. HP: 9/18 MP: 3/5
   530 | D:1      | Learned a level 2 spell: Wereblood
  1150 | D:2      | Reached XP level 3. HP: 23/23 MP: 4/6
  1154 | D:2      | Learned a level 3 spell: Spider Form
  1290 | D:2      | Found a stormy altar of Qazlal.
  1293 | D:2      | Found a blossoming altar of Fedhas.
  1824 | D:2      | Found a runed translucent door.
  1825 | D:2      | Noticed Crazy Yiuf
  1833 | D:2      | Killed Crazy Yiuf
  1834 | D:2      | Reached XP level 4. HP: 29/29 MP: 3/8
  2661 | D:4      | Found a bloodstained altar of Trog.
  2933 | D:4      | Noticed Eustachio
  2951 | D:4      | Killed Eustachio
  2952 | D:4      | Reached XP level 5. HP: 26/35 MP: 6/10
  2952 | D:4      | Reached XP level 6. HP: 30/40 MP: 6/11
  2957 | D:4      | Learned a level 4 spell: Ice Form
  3252 | D:4      | Found an opulent altar of Gozag.
  3252 | D:4      | Found a sparkling altar of Nemelex Xobeh.
  3445 | D:4      | Became a worshipper of Gozag Ym Sagoz the Greedy
  4241 | D:4      | Found Osiah's Book Shop.
  4311 | D:5      | Entered Level 5 of the Dungeon
  4954 | D:5      | Noticed a phantom
  4974 | D:5      | Gained mutation: Your magical capacity is low. (-10% MP)
                  | [mutagenic glow]
  4982 | D:5      | Killed a phantom
  4983 | D:5      | Reached XP level 7. HP: 38/45 MP: 3/12
  6102 | D:5      | Learned a level 5 spell: Blade Hands
  6933 | D:6      | Reached skill level 5 in Transmutations
  8106 | D:6      | Reached skill level 5 in Spellcasting
  8107 | D:6      | HP: 2/46 [orc warrior/stone (8)]
  8109 | D:6      | Hit by a stone thrown by an orc

Illustrated notes

Levels and vault maps discovered:
D:1:      tarquinn_simple_flora_water_d, layout_basic, minmay_tetromino_o4
D:2:      layout_loops_ring, grunt_temple_overflow_forces_of_nature,
          uniq_crazy_yiuf_cottage
D:3:      layout_basic
D:4:      layout_loops_cross, grunt_temple_overflow_opulence, bloody_trog,
          serial_shops, shop, uniq_eustachio
D:5:      layout_cave_pools
D:6:      layout_loops_cross, temple_hall, gammafunk_ghost_nasty_kobolds,
          minmay_fire_ice_demons

Skill      XL: |  1  2  3  4  5  6  7 |
---------------+----------------------+-----
Transmutations | 3 4 5 |  5.2
Spellcasting   | 3 4 5 |  5.0
Fighting       | 2 3 |  3.3
Dodging        | 3 |  3.9
Unarmed Combat | |  3.0

Action                   |  1- 3 |  4- 6 |  7- 9 || total
-------------------------+-------+-------+-------++-------
Melee: Unarmed           |    54 |    91 |    82 ||   227
       Kick              |    14 |    15 |     7 ||    36
       Constrict         |    20 |    25 |     6 ||    51
       Tentacles         |     6 |    13 |     7 ||    26
       Punch             |     1 |     3 |     2 ||     6
 Cast: Beastly Appendage |    23 |    19 |     5 ||    47
       Spider Form       |     1 |     2 |     5 ||     8
       Ice Form          |       |     1 |     1 ||     2
       Blade Hands       |       |       |     3 ||     3
 Abil: End Transformatio |       |     1 |       ||     1
  Use: Scroll            |       |     6 |       ||     6
 Stab: Sleeping          |     1 |     1 |     1 ||     3
Armor: Skin              |     5 |     6 |     3 ||    14
Dodge: Dodged            |    31 |    72 |    62 ||   165
